 Dungeon Crawl Stone Soup version 0.29.1-15-g9cfb28693d (webtiles) character file.

Game seed: 6653300699917012869

291 Peloso the Slasher (level 6, -2/55 HPs)
             Began as a Minotaur Fighter on Apr 22, 2023.
             Slain by Edmund
             ... wielding a +3 flail of protection
              (6 damage)
             ... on level 4 of the Dungeon.
             The game lasted 00:04:08 (4289 turns).

Peloso the Slasher (Minotaur Fighter)               Turns: 4289, Time: 00:04:08

Health: -2/55      AC:  7    Str: 19 (21) XL:     6   Next: 10%
Magic:  5/5        EV:  9    Int:  5      God:
Gold:   120        SH:  4    Dex: 11      Spells: 5/5 levels left

rFire   . . .      SeeInvis .   a - +0 long sword
rCold   . . .      Faith    .   c - +0 buckler
rNeg    . . .      Spirit   .   b - +0 scale mail
rPois   .          Reflect  .   (helmet restricted)
rElec   .          Harm     .   (no cloak)
rCorr   .          Rampage  .   (no gloves)
Will    .....                   (no boots)
Stlth   ..........              (no amulet)
HPRegen 0.18/turn               (no ring)
MPRegen 0.09/turn               (no ring)

@: no status effects
A: horns 2, retaliatory headbutt
a: no special abilities


You were on level 4 of the Dungeon.
You visited 1 branch of the dungeon, and saw 4 of its levels.

You collected 120 gold pieces.

Inventory:

Hand Weapons
 a - a +0 long sword (weapon)
Armour
 b - a +0 scale mail (worn)
 c - a +0 buckler (worn)
Jewellery
 g - a +4 ring of protection
 l - a ring of resist corrosion
Wands
 e - a wand of paralysis (8)
 p - a wand of quicksilver (10)
Scrolls
 f - 3 scrolls of identify {unknown}
 j - a scroll of enchant armour {unknown}
 n - a scroll of noise {unknown}
 o - a scroll of teleportation {unknown}
 q - a scroll of magic mapping {unknown}
 r - a scroll of amnesia {unknown}
Potions
 d - a potion of might
 h - 2 potions of heal wounds
 i - 2 potions of brilliance {unknown}
 k - 2 potions of curing {unknown}
 m - a potion of cancellation
 s - a potion of ambrosia {unknown}
 t - a potion of attraction {unknown}


   Skills:
 + Level 4.8 Fighting
 + Level 5.1 Long Blades
 + Level 5.1 Armour
 + Level 1.3 Dodging
 + Level 0.1 Stealth
 + Level 4.3 Shields


You had 5 spell levels left.
You didn't know any spells.
Your spell library was empty.

Dungeon Overview and Level Annotations

Branches:
Dungeon (4/15)
 Temple: D:4-7

Altars:
Cheibriados
Gozag

Annotations:
D:3 1 runed translucent door, Crazy Yiuf
D:4 Edmund


Innate Abilities, Weirdness & Mutations

You have a pair of horns on your head.
You reflexively headbutt those who attack you in melee.


Message History

You hit Edmund.
Edmund is severely wounded.
Edmund closely misses you. You furiously retaliate!
You headbutt Edmund. Edmund closely misses you.
You hit Edmund but do no damage.
Edmund is severely wounded.
Edmund hits you with a +3 flail of protection!
You hit Edmund but do no damage.
Edmund is severely wounded.
Edmund hits you with a +3 flail of protection.
You hit Edmund but do no damage. Your headbutt misses Edmund.
Edmund is severely wounded.
Edmund hits you with a +3 flail of protection!
You hit Edmund but do no damage.
Edmund is severely wounded.
Edmund hits you with a +3 flail of protection!
* * * LOW HITPOINT WARNING * * *
You barely miss Edmund. Your headbutt misses Edmund.
Edmund is severely wounded.
You block Edmund's attack.
Edmund hits you with a +3 flail of protection.
* * * LOW HITPOINT WARNING * * *
You closely miss Edmund. You headbutt Edmund.
Edmund is severely wounded.
Edmund hits you with a +3 flail of protection.
* * * LOW HITPOINT WARNING * * *
You barely miss Edmund. Your headbutt misses Edmund.
Edmund is severely wounded.
Edmund barely misses you. You furiously retaliate!
You headbutt Edmund, but do no damage. You barely miss Edmund.
You headbutt Edmund, but do no damage.
Edmund is severely wounded.
Edmund barely misses you.
You barely miss Edmund.
Edmund is severely wounded.
Edmund misses you.
You hit Edmund.
Edmund is severely wounded.
Edmund hits you with a +3 flail of protection.
You die...

############.....####
##....#..####........#
#...................##
#...................#
#...................#
####################...##.####
............##....#######.#..#
....>.........<...#..........#
...............@..#..........#
..............@...#..........##
.##.####..#####+####..###+#...#
..#######..####...###..###..####
.....#.............#.........#
.....'.............#.........#
.....#.............#.........#
.... #.............#.....)...#
... ##...>........'.........##


You could see Edmund.

Vanquished Creatures
  A black bear (D:4)
  A hound (D:3)
  5 adders
  4 gnolls (D:3)
  3 dart slugs
  4 endoplasms
  7 giant cockroaches
  3 goblins
  8 hobgoblins
  5 jackals
  6 kobolds
  9 quokkas
  8 ball pythons
  3 bats
  4 frilled lizards
  6 rats
77 creatures vanquished.

Notes
Turn   | Place    | Note
-------+----------+-------------------------------------------
     0 | D:1      | Peloso the Minotaur Fighter began the quest for the Orb.
     0 | D:1      | Reached XP level 1. HP: 19/19 MP: 0/0
   251 | D:1      | Reached XP level 2. HP: 27/27 MP: 1/1
   871 | D:1      | Reached XP level 3. HP: 32/33 MP: 2/2
  1637 | D:2      | You fall into a shaft and drop 1 floor!
  1891 | D:3      | Reached XP level 4. HP: 41/41 MP: 3/3
  2149 | D:3      | Found a faded altar of an unknown god.
  2318 | D:2      | Reached skill level 1 in Dodging
  2978 | D:3      | Found a snail-covered altar of Cheibriados.
  2998 | D:3      | Found an opulent altar of Gozag.
  3162 | D:3      | Reached XP level 5. HP: 41/47 MP: 4/4
  3454 | D:3      | Found a runed translucent door.
  3455 | D:3      | Noticed Crazy Yiuf
  3525 | D:4      | Noticed a black bear
  3539 | D:4      | Killed a black bear
  3540 | D:4      | Reached skill level 5 in Long Blades
  3862 | D:3      | Reached skill level 5 in Armour
  4232 | D:4      | Noticed Edmund
  4250 | D:3      | Reached XP level 6. HP: 51/55 MP: 5/5
  4289 | D:4      | Slain by Edmund

Illustrated notes

Levels and vault maps discovered:
D:1:      giann_wishing_wells, layout_basic
D:2:      layout_basic
D:3:      layout_loops_corners, grunt_gozag_breadcrumbs, cheibriados_altar_1,
          ebering_ecumenical_altar_webs, uniq_crazy_yiuf_cottage
D:4:      layout_gridville, lightli_minifort, uniq_edmund, uniq_grinder

Skill      XL: |  1  2  3  4  5 |
---------------+----------------+-----
Fighting       | 4 |  4.8
Shields        | 4 |  4.3
Long Blades    | 3 4 5 |  5.1
Armour         | 4 5 |  5.1
Dodging        | 1 |  1.3
Stealth        | |  0.1

Action                   |  1- 3 |  4- 6 || total
-------------------------+-------+-------++-------
Melee: Long sword        |   100 |   107 ||   207
       Headbutt          |    15 |    16 ||    31
  Use: Potion            |     3 |     1 ||     4
       Scroll            |     1 |       ||     1
Armor: Scale mail        |    46 |    42 ||    88
Dodge: Dodged            |    41 |    55 ||    96
Block: Buckler           |    16 |    24 ||    40
